 Dungeon Crawl Stone Soup version 0.18-a0-316-gf882de5 (console) character file.

54 endege the Ruffian (level 3, -1/36 HPs)
             Began as a Troll Berserker on Nov 27, 2015.
             Was a Believer of Trog.
             Killed from afar by a white imp (6 damage)
             ... with a puff of frost
             ... summoned by Natasha
             ... on level 2 of the Dungeon.
             The game lasted 00:00:44 (744 turns).

endege the Ruffian (Troll Berserker)                 Turns: 744, Time: 00:00:44

Health: -1/36      AC:  5    Str: 25    XL:     3   Next: 66%
Magic:  2/2        EV: 10    Int:  3    God:    Trog [**....]
Gold:   51         SH:  0    Dex: 10    Spells: 0 memorised, 2 levels left

rFire  . . .     SeeInvis .       - Unarmed
rCold  . . .     Clarity  .     a - +0 animal skin
rNeg   . . .     SustAt   .     (no shield)
rPois  .         Gourm    +     (helmet restricted)
rElec  .         Spirit   .     (no cloak)
rCorr  .         Warding  .     (gloves unavailable)
rMut   .         Stasis   .     (boots unavailable)
MR     .....                    (no amulet)
Stlth  +.........               (no ring)
                                (no ring)

@: exhausted, slowed, very slow, not resistant to hostile enchantments, very
unstealthy
A: unfitting armour, claws 3, fast metabolism 3, gourmand, regeneration 2,
shaggy fur 1, tough skin 2
a: Berserk, Trog's Hand, Burn Spellbooks, Renounce Religion


You were on level 2 of the Dungeon.
You worshipped Trog.
Trog was pleased with you.
You were very full.

You visited 1 branch of the dungeon, and saw 2 of its levels.

You collected 51 gold pieces.


Innate Abilities, Weirdness & Mutations

You are too large for most types of armour.
You have claws for hands.
Your metabolism is lightning-fast.
You like to eat raw meat.
You heal very quickly.
You are covered in fur (AC +1).
You have very tough skin (AC +2).


   Skills:
 - Level 2.4 Fighting
 - Level 2.4 Dodging
 + Level 4.6 Unarmed Combat


You had 2 spell levels left.
You didn't know any spells.

Inventory:

Armour
 a - a +0 animal skin (worn)
Scrolls
 e - a scroll of remove curse
Potions
 d - a potion of curing {unknown}
Comestibles
 b - 3 bread rations
 f - 2 meat rations

Dungeon Overview and Level Annotations

Branches:
Dungeon (2/15)

Altars:

Annotations:
D:2 Natasha


Message History

The white imp gestures at you. The puff of frost hits you!
Natasha barely misses you. The white imp hits you.
* * * LOW HITPOINT WARNING * * *
The white imp freezes you.
* * * LOW HITPOINT WARNING * * *
The white imp hits you.
* * * LOW HITPOINT WARNING * * *
The white imp freezes you.
* * * LOW HITPOINT WARNING * * *
Natasha claws you.
* * * LOW HITPOINT WARNING * * *
You barely miss the white imp.
The white imp is severely wounded.
The white imp gestures at you. The puff of frost hits you!
* * * LOW HITPOINT WARNING * * *
The crimson imp misses you. The white imp gestures at you.
The puff of frost hits you!
You die...

#.[.# ...... #...#
......
#...########......
#..................
#..................
#.................
#.................
#........#.....#. .
#........#.....#...
###......#5h...>...
#########5@.......
.........5.....###
...............#
...............#
.......##......#
....... #........
....... #.....####
####### #.....#
..>... ....


You could see Natasha, a crimson imp and 2 white imps.

Vanquished Creatures
  Natasha (D:2)
  An ooze (D:1)
  A giant gecko (D:2)
  4 bats (D:1)
  2 giant cockroaches (D:1)
  4 hobgoblins (D:1)
  2 jackals (D:1)
  A kobold (D:1)
  A giant newt (D:1)
  3 goblins
  3 rats
23 creatures vanquished.

Notes
Turn   | Place    | Note
--------------------------------------------------------------
     0 | D:1      | endege the Troll Berserker began the quest for the Orb.
     0 | D:1      | Reached XP level 1. HP: 22/22 MP: 0/0
     0 | D:1      | 0 ||| counter = 25
   203 | D:1      | Reached XP level 2. HP: 29/29 MP: 1/1
   347 | D:1      | 347 ||| Stepping ~*~*~tactically~*~*~ (outnumbered).
   477 | D:1      | 477 ||| Stepping ~*~*~tactically~*~*~ (outnumbered).
   632 | D:1      | Reached skill level 4 in Unarmed Combat
   647 | D:1      | 647 ||| READING 2 scrolls labeled LIDDAF XEEDWUA.
   648 | D:1      | 648 ||| READING scroll labeled GOXAPU MEDWEW.
   649 | D:1      | 649 ||| READING scroll labeled TIEMUMPYUJ.
   704 | D:2      | Reached ** piety under Trog
   704 | D:2      | Reached XP level 3. HP: 36/36 MP: 2/2
   705 | D:2      | Noticed Natasha
   708 | D:2      | 708 ||| INVOKING Berserk.
   711 | D:2      | Killed Natasha
   734 | D:2      | Noticed Natasha
   744 | D:2      | HP: 5/36 [white imp/puff of frost[Natasha] (6)]
   744 | D:2      | Killed from afar by a white imp

Vault maps used:
D:1:      dpeg_arrival_oval, minmay_door_square
D:2:      uniq_natasha

Action                   || total
-------------------------++-------
Melee: Unarmed           ||    63
Invok: Berserk           ||     1
  Use: Scroll            ||     3
  Eat: Chunk             ||    12
